 Dungeon Crawl Stone Soup version 0.29-a0-1052-g6990b1bffc (webtiles) character file.

Game seed: 6148723352609846745

768 Zeldest the Slasher (level 7, -1/56 HPs)
             Began as a Barachi Gladiator on Aug 18, 2022.
             Slain by a mummy (16 damage)
             ... on level 5 of the Dungeon.
             The game lasted 00:06:30 (4840 turns).

Zeldest the Slasher (Barachi Gladiator)             Turns: 4840, Time: 00:06:31

Health: -1/56      AC:  8    Str: 16    XL:     7   Next: 82%
Magic:  7/7        EV: 12    Int:  8    God:
Gold:   176        SH:  0    Dex: 15    Spells: 6/6 levels left

rFire   . . .      SeeInvis .   a - +0 long sword
rCold   . . .      Faith    .   (no shield)
rNeg    . . .      Spirit   .   j - +0 ring mail
rPois   .          Reflect  .   c - +0 helmet
rElec   .          Harm     .   (no cloak)
rCorr   .          Rampage  .   s - +0 pair of gloves
Will    .....                   y - +0 pair of boots
Stlth   +.........              (no amulet)
HPRegen 0.18/turn               (no ring)
MPRegen 0.10/turn               (no ring)

@: slow
A: amphibious, slowness 1, strong legs 1, +LOS
a: Hop


You were on level 5 of the Dungeon.
You visited 1 branch of the dungeon, and saw 5 of its levels.

You collected 176 gold pieces.

Inventory:

Hand Weapons
 a - a +0 long sword (weapon)
 F - a +3 war axe
Missiles
 d - a throwing net
 e - a javelin
 B - a boomerang (quivered)
Armour
 b - a +0 leather armour
 c - a +0 helmet (worn)
 j - a +0 ring mail (worn)
 s - a +0 pair of gloves (worn)
 y - a +0 pair of boots (worn)
Jewellery
 g - a ring of flight
 i - a ring of magical power
 l - a ring of ice
 u - an amulet of regeneration
Wands
 x - a wand of quicksilver (8)
 C - a wand of mindburst (11)
 D - a wand of iceblast (6)
Scrolls
 f - 2 scrolls of enchant weapon
 k - a scroll of blinking {unknown}
 m - 3 scrolls of teleportation
 p - a scroll of magic mapping {unknown}
 r - a scroll of brand weapon
 t - a scroll of enchant armour {unknown}
 v - a scroll of silence {unknown}
 z - a scroll of butterflies {unknown}
 A - a scroll of noise {unknown}
Potions
 h - a potion of brilliance
 n - a potion of curing
 o - 2 potions of attraction
 q - a potion of flight
 w - a potion of ambrosia
 E - a potion of lignification {unknown}


   Skills:
 + Level 5.5 Fighting
 + Level 6.2 Long Blades
 + Level 5.6 Throwing
 + Level 4.3 Dodging


You had 6 spell levels left.
You didn't know any spells.
Your spell library contained the following spells:

 Spells                   Type           Power      Damage    Failure   Level
 Ensorcelled Hibernation  Hex/Ice        0%         N/A       77%         2
 Confusing Touch          Hex            0%         N/A       94%         3
 Spider Form              Tmut/Pois      0%         N/A       94%         3
 Anguish                  Hex/Necr       0%         N/A       100%        4
 Yara's Violent Unravell  Hex/Tmut       0%         3d3       100%        5
 Enfeeble                 Hex            0%         N/A       100%        7


Dungeon Overview and Level Annotations

Branches:
Dungeon (5/15)
 Temple: D:4-7

Altars:
Ashenzari
Cheibriados
Qazlal

Shops:
D:5 (

Portals:
Ossuary: D:5

Annotations:
D:4 1 runed translucent door, Valamore's ghost, amateur MiGl


Innate Abilities, Weirdness & Mutations

You are amphibious.
You cover ground slowly.
You can hop short distances.
You have an extended range of vision and can be seen from far away.


Message History

The orc closely misses you.
You closely miss the orc.
The orc is severely wounded.
The orc misses you.
You hit the orc.
The orc is severely wounded.
The orc barely misses you. The orc hits you with a +3 war axe.
* * * LOW HITPOINT WARNING * * *
You hit the orc but do no damage.
The orc is severely wounded.
The orc barely misses you.
You hit the orc.
You kill the orc!
You hear the quick hiss of an avalanche of sand.
You barely miss the orc.
The orc is moderately wounded.
The orc barely misses you.
You closely miss the orc.
The orc is moderately wounded.
The orc misses you.
You hit the orc.
You kill the orc!
There is an open door, spattered with blood here.
Items here: ))) [.
F - a +3 war axe
Things that are here:
a +0 dagger; a +0 robe; an orc corpse
Things that are here:
a +0 mace; a +0 leather armour You open the door.
A mummy comes into view.
Found a sand-covered staircase.
You barely miss the mummy. The mummy misses you.
You barely miss the mummy. You hit the mummy but do no damage.
The mummy hits you.
* * * LOW HITPOINT WARNING * * *
You hit the mummy.
The mummy is lightly damaged.
The mummy hits you!
You die...

####### .. . .#. #..
. .. #.# .#. #.#
..## +.. #.###.##
#..##..######
###...#........
#∩M@....######
###...#......#######
#..##))........)..
#.###.####.#######
..##.).# #.# ##.
###.# #.# ## #.# #.#
#.. #.# .... ..#


You could see a mummy.

Vanquished Creatures
  Grinder (D:5)
  An ice beast (D:5)
  An ogre (D:4)
  2 hounds (D:4)
  An orc priest (D:5)
  Natasha (thrice) (D:3)
  3 orc wizards (D:5)
  3 gnolls (D:4)
  2 adders
  An ufetubus (D:5)
  A worm (D:5)
  5 dart slugs
  20 orcs
  4 endoplasms
  2 giant cockroaches
  8 goblins
  5 hobgoblins
  4 kobolds
  5 quokkas
  7 ball pythons
  4 bats
  4 frilled lizards
  A goblin zombie (D:5)
  4 rats
92 creatures vanquished.

Notes
Turn   | Place    | Note
-------+----------+-------------------------------------------
     0 | D:1      | Zeldest the Barachi Gladiator began the quest for the Orb.
     0 | D:1      | Reached XP level 1. HP: 17/17 MP: 1/1
   224 | D:1      | Reached XP level 2. HP: 18/23 MP: 2/2
   263 | D:1      | Found a faded altar of an unknown god.
  1134 | D:2      | Reached skill level 4 in Long Blades
  1134 | D:2      | Reached XP level 3. HP: 26/28 MP: 3/3
  1327 | D:2      | Found Paukhlui's General Store.
  2082 | D:3      | Reached XP level 4. HP: 26/35 MP: 4/4
  2277 | D:3      | Noticed Natasha
  2284 | D:3      | Killed Natasha
  2322 | D:3      | Noticed Natasha
  2331 | D:3      | Killed Natasha
  2396 | D:3      | Noticed Natasha
  2415 | D:3      | Killed Natasha
  2416 | D:3      | Reached XP level 5. HP: 36/42 MP: 5/5
  2914 | D:4      | Found a stormy altar of Qazlal.
  3246 | D:4      | Found a runed translucent door.
  3325 | D:4      | Noticed Valamore's ghost (amateur MiGl)
  3504 | D:4      | Found a broken altar of Ashenzari.
  3513 | D:4      | Noticed an ogre
  3524 | D:4      | Killed an ogre
  3525 | D:4      | Reached skill level 5 in Long Blades
  3525 | D:4      | Reached XP level 6. HP: 37/49 MP: 6/6
  3820 | D:4      | Found a snail-covered altar of Cheibriados.
  4341 | D:5      | Entered Level 5 of the Dungeon
  4356 | D:5      | Reached skill level 5 in Throwing
  4450 | D:5      | Found Xuschoaf's Weapon Emporium.
  4630 | D:5      | Noticed Grinder
  4634 | D:5      | Paralysed by Grinder for 2 turns
  4644 | D:5      | Killed Grinder
  4645 | D:5      | Reached skill level 5 in Fighting
  4645 | D:5      | Reached XP level 7. HP: 46/56 MP: 7/7
  4766 | D:5      | Reached skill level 6 in Long Blades
  4836 | D:5      | Found a sand-covered staircase.
  4840 | D:5      | Slain by a mummy

Illustrated notes

Levels and vault maps discovered:
D:1:      nicolae_arrival_somewhat_less_tricky_arrival, layout_loops_ring,
          shapermc_ecumenical_altar_notcrosses, bh_walls_and_bars
D:2:      layout_basic, serial_shops, shop_statue, serial_glass,
          glass_columns_b, glass_columns_c
D:3:      layout_loops_ring, nicolae_underground_beach, uniq_natasha
D:4:      layout_layer_cave, mainiacjoe_overflow_alcove_2, ashenzari_altar_1,
          old_standard_altar, ebering_ghost_reflecting_pool
D:5:      layout_basic, nemelex_xobeh_ov_fountains_minmay, serial_shops,
          kennysheep_mini_moat, nicolae_ossuary_entry_giza,
          minmay_misc_feat_encased, uniq_grinder

Skill      XL: |  1  2  3  4  5  6  7 |
---------------+----------------------+-----
Long Blades    | 4 5 6 |  6.2
Fighting       | 3 4 5 |  5.5
Throwing       | 3 4 5 |  5.6
Dodging        | 4 |  4.3

Action                   |  1- 3 |  4- 6 |  7- 9 || total
-------------------------+-------+-------+-------++-------
Melee: Long sword        |   117 |   153 |    36 ||   306
       Punch             |     3 |     1 |       ||     4
Throw: Throwing net      |       |     4 |       ||     4
       Javelin           |       |     2 |       ||     2
       Boomerang         |       |    31 |     4 ||    35
 Abil: Hop               |       |     1 |       ||     1
  Use: Potion            |       |     2 |       ||     2
       Scroll            |       |     7 |     1 ||     8
Armor: Leather armour    |    11 |       |       ||    11
       Ring mail         |    30 |    51 |    15 ||    96
Dodge: Dodged            |    96 |    91 |    18 ||   205

Table legend: (Time is in decaauts)
 A = Elapsed time spent in this place.
 B = Non-inter-level travel time spent in this place.
 C = Inter-level travel time spent in this place.
 D = Time resting spent in this place.
 E = Time spent auto-exploring this place.
 F = Levels seen in this place.
 G = Mean time per level.
                   A        B        C        D        E       F      G
               +--------+--------+--------+--------+--------+-----+--------+
         Total |   5550 |   5386 |    164 |   1128 |   3243 |   5 | 1110.0 |
       Dungeon |   5550 |   5386 |    164 |   1128 |   3243 |   5 | 1110.0 |
               +--------+--------+--------+--------+--------+-----+--------+

Top non-repeatable levels by time:
     D:4: 1785 daAuts
     D:1: 1282 daAuts
     D:3: 1122 daAuts
     D:2: 786 daAuts
     D:5: 574 daAuts
